[ AOE2 MATCH · #468038729 ]
UnrankedPersians vs Magyars
[ REPLAY ANALYSIS · EXTRACTED FROM THE RECORDED GAME ]
Feudal
9:26
Castle
18:13
Imperial
41:13
| APM avg | 35.5 |
| APM peak | 72 |
| eAPM avg | 27.3 |
| Villagers / military | 182 / 582 |
Focus
⚔️ 52.3% · 🌾 47.7%
Scout Cavalry ×309 · Camel Scout ×268 · Knight ×3 · Trade Cart ×3 · Spearman ×2
Feudal
11:38
Castle
15:38
Imperial
33:57
| APM avg | 40.3 |
| APM peak | 94 |
| eAPM avg | 18.9 |
| Villagers / military | 221 / 386 |
Focus
⚔️ 39.3% · 🌾 60.7%
Magyar Huszar ×219 · Cavalry Archer ×162 · Trebuchet (Packed) ×5
Feudal
10:07
Castle
37:02
Imperial
52:31
| APM avg | 31.9 |
| APM peak | 68 |
| eAPM avg | 20.8 |
| Villagers / military | 172 / 347 |
Focus
⚔️ 21.2% · 🌾 78.8%
Militia ×306 · Fishing Ship ×63 · Spearman ×40 · Monk ×1
Feudal
—
Castle
—
Imperial
—
| APM avg | 19.4 |
| APM peak | 41 |
| eAPM avg | 14.9 |
| Villagers / military | 194 / 286 |
Focus
⚔️ 32.8% · 🌾 67.2%
Scout Cavalry ×169 · Mangudai ×65 · Mangonel ×47 · Trebuchet (Packed) ×4 · Battering Ram ×1
Feudal
11:38
Castle
16:05
Imperial
29:25
| APM avg | 30.6 |
| APM peak | 66 |
| eAPM avg | 24.2 |
| Villagers / military | 188 / 406 |
Focus
⚔️ 48.9% · 🌾 51.1%
Scorpion ×142 · Spearman ×109 · Centurion ×75 · Scout Cavalry ×43 · Battering Ram ×25 · Trade Cart ×12
Feudal
—
Castle
—
Imperial
—
| APM avg | 16.9 |
| APM peak | 70 |
| eAPM avg | 12.2 |
| Villagers / military | 76 / 245 |
Focus
⚔️ 53.9% · 🌾 46.1%
Spearman ×182 · Knight ×63
Match map
Initial resources + every placement click. Lines = walls · curves = elevation contours. ◆ gold · ⬟ stone · ● berries · ✦ relic · ◌ wall gap
Your base· ✓ Map-separated
Brando22's base· ✓ Map-separated
Serving CUNT :)'s base· ✓ Map-separated
shwajackson's base· ✓ Map-separated
Ispakeinglis's base· ✓ Map-separated
PurduePod12's base· ✓ Map-separated
Smoothed initial terrain · ◌ = detected wall gap · hover for details
Inputs per minute
— DimitriRussia - - Brando22
Build order — DimitriRussia
First 150 of 1029 actions detected
| 0:02 | Create | Villager (Male) |
| 0:02 | Create | Villager (Male) |
| 0:02 | Create | Villager (Male) |
| 0:04 | Build | House |
| 0:08 | Create | Villager (Male) |
| 0:08 | Create | Villager (Male) |
| 0:09 | Create | Villager (Male) |
| 1:37 | Build | House |
| 1:50 | Create | Villager (Male) |
| 2:36 | Create | Villager (Male) |
| 2:41 | Create | Villager (Male) |
| 2:41 | Create | Villager (Male) |
| 3:02 | Create | Villager (Male) |
| 3:13 | Build | House |
| 3:29 | Create | Villager (Male) |
| 3:30 | Create | Villager (Male) |
| 3:30 | Create | Villager (Male) |
| 3:57 | Create | Villager (Male) |
| 3:59 | Research | Loom |
| 4:05 | Create | Villager (Male) |
| 4:26 | Create | Villager (Male) |
| 4:26 | Create | Villager (Male) |
| 4:38 | Build | Lumber Camp |
| 4:39 | Create | Villager (Male) |
| 4:39 | Create | Villager (Male) |
| 5:10 | Build | House |
| 5:39 | Create | Villager (Male) |
| 6:27 | Build | Mill |
| 6:56 | Create | Villager (Male) |
| 6:58 | Create | Villager (Male) |
| 7:15 | Research | Feudal Age |
| 8:29 | Build | Mining Camp |
| 8:36 | Build | House |
| 8:42 | Create | Villager (Male) |
| 9:15 | Create | Villager (Male) |
| 9:26 | Age | Feudal Age |
| 9:33 | Build | Market |
| 9:36 | Create | Villager (Male) |
| 9:40 | Research | Double-Bit Axe |
| 9:43 | Research | Horse Collar |
| 10:02 | Create | Villager (Male) |
| 10:31 | Build | Blacksmith |
| 10:42 | Build | Lumber Camp |
| 10:52 | Create | Villager (Male) |
| 11:12 | Build | Lumber Camp |
| 11:14 | Create | Villager (Male) |
| 11:15 | Create | Villager (Male) |
| 11:24 | Build | Farm |
| 11:32 | Build | House |
| 11:38 | Build | Farm |
| 11:42 | Build | Farm |
| 11:50 | Build | Farm |
| 11:52 | Create | Villager (Male) |
| 11:58 | Build | Farm |
| 12:03 | Build | Farm |
| 12:13 | Build | Farm |
| 12:15 | Create | Villager (Male) |
| 12:19 | Build | Farm |
| 12:24 | Build | Farm |
| 12:25 | Create | Villager (Male) |
| 12:37 | Build | Farm |
| 12:46 | Build | Farm |
| 12:55 | Build | Farm |
| 13:01 | Build | House |
| 13:10 | Build | Farm |
| 13:13 | Build | Farm |
| 13:24 | Build | Farm |
| 13:25 | Build | Farm |
| 13:26 | Create | Villager (Male) |
| 13:28 | Create | Villager (Male) |
| 13:31 | Build | Farm |
| 13:39 | Create | Villager (Male) |
| 14:05 | Build | Farm |
| 14:09 | Build | Farm |
| 14:13 | Build | Farm |
| 14:14 | Create | Villager (Male) |
| 14:21 | Build | Farm |
| 14:27 | Build | Farm |
| 14:57 | Create | Villager (Male) |
| 15:01 | Build | Mining Camp |
| 15:18 | Create | Villager (Male) |
| 15:48 | Research | Castle Age |
| 15:54 | Build | House |
| 16:23 | Research | Stone Mining |
| 16:29 | Research | Gold Mining |
| 18:13 | Age | Castle Age |
| 18:16 | Build | Town Center |
| 18:17 | Create | Villager (Male) |
| 18:18 | Create | Villager (Male) |
| 18:27 | Build | Town Center |
| 18:28 | Create | Villager (Male) |
| 18:51 | Research | Bow Saw |
| 19:11 | Create | Villager (Male) |
| 19:50 | Create | Villager (Male) |
| 19:50 | Create | Villager (Male) |
| 19:57 | Research | Heavy Plow |
| 20:06 | Build | House |
| 20:11 | Research | Loom |
| 20:13 | Create | Villager (Male) |
| 20:15 | Create | Villager (Male) |
| 20:33 | Create | Villager (Male) |
| 20:45 | Create | Villager (Male) |
| 20:47 | Research | Wheelbarrow |
| 20:48 | Create | Villager (Male) |
| 20:49 | Create | Villager (Male) |
| 20:52 | Create | Villager (Male) |
| 20:53 | Create | Villager (Male) |
| 20:53 | Create | Villager (Male) |
| 20:54 | Create | Villager (Male) |
| 21:07 | Build | Town Center |
| 21:08 | Create | Villager (Male) |
| 21:09 | Create | Villager (Male) |
| 21:10 | Create | Villager (Male) |
| 21:16 | Create | Villager (Male) |
| 21:22 | Research | Scale Barding Armor |
| 21:37 | Create | Villager (Male) |
| 21:38 | Create | Villager (Male) |
| 21:38 | Create | Villager (Male) |
| 21:51 | Build | Barracks |
| 21:52 | Create | Villager (Male) |
| 21:55 | Create | Villager (Male) |
| 21:56 | Create | Villager (Male) |
| 22:43 | Create | Villager (Male) |
| 22:43 | Create | Villager (Male) |
| 22:43 | Create | Villager (Male) |
| 22:43 | Create | Villager (Male) |
| 22:44 | Create | Villager (Male) |
| 22:44 | Create | Villager (Male) |
| 22:47 | Research | Hand Cart |
| 23:01 | Build | Stable |
| 23:05 | Build | Stable |
| 23:13 | Create | Spearman |
| 23:14 | Create | Spearman |
| 23:21 | Create | Villager (Male) |
| 23:22 | Create | Villager (Male) |
| 23:22 | Create | Villager (Male) |
| 23:22 | Create | Villager (Male) |
| 23:22 | Create | Villager (Male) |
| 23:42 | Build | Castle |
| 23:47 | Research | Chain Barding Armor |
| 23:47 | Research | Forging |
| 23:49 | Create | Villager (Male) |
| 23:49 | Create | Villager (Male) |
| 24:04 | Build | Stable |
| 24:07 | Create | Villager (Male) |
| 24:07 | Create | Villager (Male) |
| 24:07 | Create | Villager (Male) |
| 24:21 | Create | Villager (Male) |
| 24:21 | Create | Villager (Male) |
| 24:23 | Create | Villager (Male) |
Build order — Brando22
First 150 of 633 actions detected
| 0:01 | Create | Villager (Male) |
| 0:01 | Create | Villager (Male) |
| 0:01 | Create | Villager (Male) |
| 0:01 | Create | Villager (Male) |
| 0:03 | Build | House |
| 0:05 | Build | House |
| 1:15 | Create | Villager (Male) |
| 1:16 | Create | Villager (Male) |
| 2:04 | Create | Villager (Male) |
| 2:04 | Create | Villager (Male) |
| 2:22 | Create | Villager (Male) |
| 2:35 | Create | Villager (Male) |
| 2:35 | Create | Villager (Male) |
| 2:54 | Create | Villager (Male) |
| 2:54 | Create | Villager (Male) |
| 3:14 | Build | House |
| 3:26 | Build | Lumber Camp |
| 3:44 | Create | Villager (Male) |
| 3:45 | Create | Villager (Male) |
| 4:11 | Create | Villager (Male) |
| 4:11 | Create | Villager (Male) |
| 4:12 | Create | Villager (Male) |
| 4:12 | Create | Villager (Male) |
| 4:57 | Create | Villager (Male) |
| 4:57 | Create | Villager (Male) |
| 5:04 | Build | House |
| 5:06 | Create | Villager (Male) |
| 6:06 | Create | Villager (Male) |
| 6:07 | Create | Villager (Male) |
| 6:33 | Create | Villager (Male) |
| 7:26 | Create | Villager (Male) |
| 7:29 | Build | House |
| 7:59 | Create | Villager (Male) |
| 8:20 | Build | Mining Camp |
| 8:34 | Create | Villager (Male) |
| 8:57 | Build | Mill |
| 9:03 | Create | Villager (Male) |
| 9:07 | Research | Feudal Age |
| 9:27 | Build | Farm |
| 9:28 | Build | Farm |
| 9:29 | Build | Farm |
| 9:29 | Build | Farm |
| 9:49 | Build | Farm |
| 11:11 | Create | Villager (Male) |
| 11:18 | Build | Farm |
| 11:21 | Build | Farm |
| 11:23 | Build | Farm |
| 11:26 | Build | Farm |
| 11:33 | Build | Farm |
| 11:37 | Build | Farm |
| 11:38 | Age | Feudal Age |
| 11:49 | Build | Market |
| 11:55 | Build | Blacksmith |
| 12:02 | Create | Villager (Male) |
| 12:08 | Build | Farm |
| 12:23 | Build | Farm |
| 12:28 | Build | Farm |
| 12:36 | Build | Farm |
| 12:48 | Build | Farm |
| 12:58 | Research | Castle Age |
| 13:02 | Build | House |
| 13:23 | Build | Farm |
| 13:28 | Research | Double-Bit Axe |
| 13:53 | Research | Horse Collar |
| 14:25 | Create | Villager (Male) |
| 15:38 | Age | Castle Age |
| 15:43 | Build | Town Center |
| 15:58 | Build | Town Center |
| 16:23 | Create | Villager (Male) |
| 16:23 | Create | Villager (Male) |
| 16:53 | Build | Palisade Wall |
| 17:04 | Create | Villager (Male) |
| 17:05 | Create | Villager (Male) |
| 17:14 | Build | Palisade Wall |
| 17:17 | Build | Palisade Wall |
| 17:19 | Build | Palisade Wall |
| 17:21 | Build | Palisade Wall |
| 17:25 | Create | Villager (Male) |
| 17:39 | Create | Villager (Male) |
| 17:40 | Create | Villager (Male) |
| 17:42 | Research | Bow Saw |
| 17:50 | Create | Villager (Male) |
| 17:51 | Create | Villager (Male) |
| 18:00 | Create | Villager (Male) |
| 18:00 | Create | Villager (Male) |
| 18:09 | Research | Heavy Plow |
| 18:24 | Build | Barracks |
| 18:27 | Build | House |
| 18:29 | Create | Villager (Male) |
| 18:30 | Create | Villager (Male) |
| 18:33 | Research | Loom |
| 18:50 | Build | House |
| 18:52 | Build | House |
| 18:53 | Create | Villager (Male) |
| 18:54 | Create | Villager (Male) |
| 18:59 | Research | Gold Mining |
| 19:13 | Build | Farm |
| 19:16 | Build | Farm |
| 19:20 | Create | Villager (Male) |
| 19:21 | Create | Villager (Male) |
| 19:26 | Build | House |
| 19:40 | Create | Villager (Male) |
| 19:40 | Create | Villager (Male) |
| 19:51 | Build | Archery Range |
| 19:53 | Create | Villager (Male) |
| 19:54 | Create | Villager (Male) |
| 19:59 | Build | Farm |
| 20:17 | Build | Lumber Camp |
| 20:24 | Build | Lumber Camp |
| 20:27 | Create | Villager (Male) |
| 20:27 | Create | Villager (Male) |
| 20:31 | Create | Villager (Male) |
| 20:31 | Create | Villager (Male) |
| 20:31 | Create | Villager (Male) |
| 20:31 | Create | Villager (Male) |
| 20:34 | Build | House |
| 20:37 | Create | Cavalry Archer |
| 20:38 | Create | Cavalry Archer |
| 20:41 | Build | House |
| 20:54 | Create | Villager (Male) |
| 20:54 | Create | Villager (Male) |
| 21:06 | Build | Archery Range |
| 21:14 | Research | Fletching |
| 21:24 | Build | Lumber Camp |
| 21:35 | Create | Cavalry Archer |
| 21:35 | Create | Cavalry Archer |
| 21:36 | Create | Villager (Male) |
| 21:37 | Create | Villager (Male) |
| 21:40 | Build | House |
| 21:52 | Research | Thumb Ring |
| 21:54 | Create | Cavalry Archer |
| 22:04 | Build | Mining Camp |
| 22:26 | Create | Villager (Male) |
| 22:26 | Create | Villager (Male) |
| 22:27 | Create | Villager (Male) |
| 22:27 | Create | Villager (Male) |
| 22:28 | Create | Villager (Male) |
| 22:42 | Create | Villager (Male) |
| 22:43 | Create | Villager (Male) |
| 22:43 | Create | Villager (Male) |
| 22:44 | Create | Cavalry Archer |
| 22:45 | Create | Cavalry Archer |
| 22:45 | Create | Cavalry Archer |
| 22:45 | Create | Cavalry Archer |
| 23:12 | Create | Villager (Male) |
| 23:12 | Create | Villager (Male) |
| 23:12 | Create | Villager (Male) |
| 23:14 | Create | Cavalry Archer |
| 23:14 | Create | Cavalry Archer |
| 23:22 | Build | University |
Build order — Serving CUNT :)
First 150 of 536 actions detected
| 0:03 | Create | Villager (Male) ×4 |
| 0:04 | Research | Loom |
| 0:09 | Build | House |
| 0:09 | Build | House |
| 1:31 | Create | Villager (Male) |
| 1:31 | Create | Villager (Male) |
| 1:31 | Create | Villager (Male) |
| 2:00 | Create | Villager (Male) |
| 2:00 | Create | Villager (Male) |
| 2:32 | Create | Villager (Male) |
| 2:32 | Create | Villager (Male) |
| 2:52 | Create | Villager (Male) |
| 2:53 | Create | Villager (Male) |
| 2:53 | Create | Villager (Male) |
| 3:26 | Create | Villager (Male) |
| 3:26 | Create | Villager (Male) |
| 4:06 | Create | Villager (Male) ×3 |
| 4:06 | Create | Villager (Male) ×3 |
| 4:22 | Create | Villager (Male) ×2 |
| 4:22 | Create | Villager (Male) ×2 |
| 4:57 | Build | Lumber Camp |
| 5:18 | Build | House |
| 5:18 | Build | House |
| 5:18 | Build | House |
| 5:19 | Build | House |
| 5:20 | Build | House |
| 5:20 | Build | House |
| 5:21 | Build | House |
| 5:21 | Build | House |
| 6:28 | Create | Villager (Male) |
| 7:12 | Build | Mill |
| 7:23 | Create | Villager (Male) |
| 7:51 | Research | Feudal Age |
| 8:22 | Build | Lumber Camp |
| 8:52 | Build | Mining Camp |
| 9:07 | Create | Villager (Male) |
| 9:11 | Create | Villager (Male) |
| 10:07 | Age | Feudal Age |
| 10:25 | Build | Dock |
| 10:39 | Build | Watch Tower |
| 11:02 | Build | Watch Tower |
| 11:05 | Create | Fishing Ship |
| 11:06 | Create | Fishing Ship |
| 11:09 | Create | Villager (Male) |
| 11:10 | Create | Villager (Male) |
| 11:10 | Create | Villager (Male) |
| 11:10 | Create | Villager (Male) |
| 11:20 | Build | House |
| 11:20 | Build | House |
| 11:20 | Build | House |
| 11:21 | Build | House |
| 11:21 | Build | House |
| 11:21 | Build | House |
| 11:21 | Build | House |
| 11:22 | Build | House |
| 11:37 | Create | Villager (Male) |
| 12:12 | Build | House |
| 12:16 | Build | Fish Trap |
| 12:30 | Build | House |
| 12:32 | Build | House |
| 12:35 | Build | House |
| 12:35 | Build | House |
| 12:35 | Build | House |
| 12:36 | Build | House |
| 12:36 | Build | House |
| 12:36 | Build | House |
| 13:02 | Build | Watch Tower |
| 13:08 | Create | Fishing Ship |
| 13:09 | Create | Fishing Ship |
| 13:15 | Build | House |
| 13:16 | Build | House |
| 13:17 | Build | House |
| 13:17 | Build | House |
| 13:17 | Build | House |
| 13:18 | Build | House |
| 13:18 | Build | House |
| 13:18 | Build | House |
| 13:18 | Build | House |
| 13:19 | Build | House |
| 13:19 | Build | House |
| 13:19 | Build | House |
| 13:19 | Build | House |
| 13:19 | Build | House |
| 13:52 | Build | Fish Trap |
| 13:54 | Create | Fishing Ship |
| 14:13 | Create | Fishing Ship |
| 14:20 | Build | House |
| 14:20 | Build | House |
| 14:20 | Build | House |
| 14:21 | Build | House |
| 14:21 | Build | House |
| 14:34 | Create | Villager (Male) |
| 14:35 | Create | Villager (Male) |
| 14:48 | Build | Fish Trap |
| 14:51 | Create | Fishing Ship |
| 15:16 | Build | Dock |
| 15:22 | Build | Fish Trap |
| 15:44 | Create | Villager (Male) |
| 15:44 | Create | Villager (Male) |
| 15:44 | Create | Villager (Male) |
| 15:53 | Create | Fishing Ship |
| 15:55 | Create | Fishing Ship |
| 16:02 | Build | Dock |
| 16:07 | Create | Fishing Ship |
| 16:22 | Create | Fishing Ship |
| 16:33 | Build | Fish Trap |
| 16:41 | Create | Fishing Ship |
| 16:41 | Create | Fishing Ship |
| 16:54 | Build | Fish Trap |
| 16:57 | Create | Villager (Male) |
| 16:57 | Create | Villager (Male) |
| 17:10 | Create | Villager (Male) |
| 17:10 | Create | Villager (Male) |
| 17:14 | Create | Fishing Ship ×2 |
| 17:14 | Create | Fishing Ship ×2 |
| 17:14 | Create | Fishing Ship ×2 |
| 17:24 | Build | Fish Trap |
| 17:32 | Build | Fish Trap |
| 17:45 | Build | Fish Trap |
| 18:05 | Create | Fishing Ship ×2 |
| 18:05 | Create | Fishing Ship ×2 |
| 18:08 | Create | Villager (Male) |
| 18:08 | Create | Villager (Male) |
| 18:08 | Create | Villager (Male) |
| 18:21 | Build | Fish Trap |
| 18:31 | Build | Fish Trap |
| 18:40 | Build | Fish Trap |
| 18:54 | Build | Fish Trap |
| 18:58 | Build | Fish Trap |
| 19:09 | Create | Villager (Male) ×3 |
| 19:09 | Create | Villager (Male) ×3 |
| 19:23 | Create | Fishing Ship ×3 |
| 19:23 | Create | Fishing Ship ×3 |
| 19:50 | Build | Dock |
| 19:55 | Create | Fishing Ship |
| 20:03 | Research | Double-Bit Axe |
| 20:06 | Create | Villager (Male) |
| 20:06 | Create | Villager (Male) |
| 20:16 | Build | Fish Trap |
| 20:16 | Build | Fish Trap |
| 20:17 | Build | Fish Trap |
| 20:17 | Build | Fish Trap |
| 20:17 | Build | Fish Trap |
| 20:18 | Build | Fish Trap |
| 20:18 | Build | Fish Trap |
| 20:28 | Build | Fish Trap |
| 20:38 | Build | Fish Trap |
| 20:51 | Build | Dock |
| 20:56 | Create | Villager (Male) |
| 20:57 | Create | Villager (Male) |
Build order — shwajackson
First 150 of 567 actions detected
| 0:01 | Create | Villager (Male) |
| 0:02 | Create | Villager (Male) |
| 0:02 | Create | Villager (Male) |
| 0:02 | Create | Villager (Male) |
| 0:02 | Create | Villager (Male) |
| 0:05 | Build | House |
| 0:08 | Build | House |
| 1:36 | Create | Villager (Male) |
| 1:37 | Create | Villager (Male) |
| 1:46 | Build | Lumber Camp |
| 2:31 | Create | Villager (Male) |
| 2:31 | Create | Villager (Male) |
| 3:10 | Create | Villager (Male) |
| 3:10 | Create | Villager (Male) |
| 3:11 | Create | Villager (Male) |
| 3:34 | Build | House |
| 4:12 | Create | Villager (Male) |
| 4:12 | Create | Villager (Male) |
| 4:12 | Create | Villager (Male) |
| 4:43 | Build | Mill |
| 5:05 | Create | Villager (Male) |
| 5:05 | Create | Villager (Male) |
| 5:05 | Create | Villager (Male) |
| 5:10 | Build | House |
| 5:22 | Build | Farm |
| 6:02 | Create | Villager (Male) |
| 6:02 | Create | Villager (Male) |
| 6:03 | Create | Villager (Male) |
| 6:18 | Build | Farm |
| 6:57 | Build | Farm |
| 7:19 | Create | Villager (Male) |
| 7:30 | Build | Farm |
| 7:54 | Build | Farm |
| 8:02 | Research | Feudal Age |
| 8:38 | Build | Mining Camp |
| 8:43 | Create | Villager (Male) |
| 8:43 | Create | Villager (Male) |
| 8:52 | Build | Farm |
| 9:26 | Build | House |
| 9:39 | Build | Farm |
| 10:40 | Build | Market |
| 11:08 | Create | Villager (Male) |
| 11:14 | Build | Blacksmith |
| 11:37 | Research | Castle Age |
| 11:38 | Research | Castle Age |
| 12:11 | Research | Double-Bit Axe |
| 12:14 | Research | Horse Collar |
| 12:31 | Create | Villager (Male) |
| 12:32 | Create | Villager (Male) |
| 12:42 | Build | Mining Camp |
| 13:33 | Research | Stone Mining |
| 14:13 | Research | Loom |
| 14:14 | Create | Villager (Male) |
| 14:25 | Build | House |
| 14:26 | Build | House |
| 14:48 | Build | Town Center |
| 14:55 | Create | Villager (Male) |
| 14:58 | Research | Bow Saw |
| 15:15 | Build | Farm |
| 15:39 | Build | Farm |
| 15:41 | Create | Villager (Male) |
| 15:50 | Build | House |
| 16:14 | Create | Villager (Male) |
| 16:15 | Create | Villager (Male) |
| 16:18 | Create | Villager (Male) |
| 16:18 | Create | Villager (Male) |
| 16:20 | Build | House |
| 16:42 | Build | Castle |
| 16:47 | Create | Villager (Male) |
| 16:52 | Build | Farm |
| 16:52 | Build | Farm |
| 16:53 | Build | Farm |
| 17:01 | Create | Villager (Male) |
| 17:01 | Create | Villager (Male) |
| 17:04 | Build | Farm |
| 17:24 | Create | Villager (Male) |
| 17:30 | Build | Lumber Camp |
| 17:56 | Create | Villager (Male) |
| 17:59 | Create | Villager (Male) |
| 18:05 | Build | Farm |
| 18:09 | Build | Farm |
| 18:13 | Build | Farm |
| 18:19 | Create | Villager (Male) |
| 18:19 | Create | Villager (Male) |
| 18:33 | Create | Villager (Male) |
| 18:34 | Create | Villager (Male) |
| 18:51 | Create | Villager (Male) |
| 19:14 | Build | Town Center |
| 19:17 | Create | Villager (Male) |
| 19:23 | Build | Farm |
| 19:23 | Build | Farm |
| 19:23 | Build | Farm |
| 19:27 | Create | Villager (Male) |
| 19:47 | Create | Villager (Male) |
| 20:02 | Create | Villager (Male) |
| 20:04 | Create | Villager (Male) |
| 20:10 | Build | Farm |
| 20:10 | Build | Farm |
| 20:10 | Build | Farm |
| 20:27 | Create | Villager (Male) |
| 20:28 | Create | Villager (Male) |
| 20:39 | Build | Farm |
| 20:40 | Build | Farm |
| 20:40 | Build | Farm |
| 20:40 | Build | Farm |
| 20:41 | Build | Farm |
| 20:42 | Build | Farm |
| 20:59 | Build | Stone Wall |
| 21:04 | Create | Villager (Male) |
| 21:05 | Create | Villager (Male) |
| 21:18 | Create | Villager (Male) |
| 21:19 | Create | Villager (Male) |
| 21:19 | Create | Villager (Male) |
| 21:33 | Build | Lumber Camp |
| 21:37 | Create | Villager (Male) |
| 21:38 | Create | Villager (Male) |
| 21:38 | Create | Villager (Male) |
| 21:38 | Create | Villager (Male) |
| 21:42 | Build | Farm |
| 21:43 | Build | Farm |
| 21:43 | Build | Farm |
| 22:00 | Build | Stone Wall |
| 22:07 | Build | Stone Wall |
| 22:10 | Build | Farm |
| 22:11 | Create | Villager (Male) |
| 22:12 | Create | Villager (Male) |
| 22:12 | Create | Villager (Male) |
| 22:12 | Create | Villager (Male) |
| 22:21 | Create | Villager (Male) |
| 22:21 | Create | Villager (Male) |
| 22:21 | Create | Villager (Male) |
| 22:25 | Build | Farm |
| 22:33 | Create | Villager (Male) |
| 22:33 | Create | Villager (Male) |
| 22:47 | Build | Farm |
| 22:49 | Create | Villager (Male) |
| 22:49 | Create | Villager (Male) |
| 22:49 | Create | Villager (Male) |
| 23:01 | Build | Barracks |
| 23:04 | Create | Villager (Male) |
| 23:04 | Create | Villager (Male) |
| 23:06 | Create | Mangudai |
| 23:07 | Create | Mangudai |
| 23:07 | Create | Mangudai |
| 23:36 | Create | Villager (Male) |
| 23:46 | Build | Farm |
| 23:46 | Build | Farm |
| 23:47 | Build | Farm |
| 23:47 | Build | Farm |
| 23:48 | Build | Farm |
Build order — Ispakeinglis
First 150 of 868 actions detected
| 0:01 | Create | Villager (Male) |
| 0:01 | Create | Villager (Male) |
| 0:07 | Build | House |
| 0:11 | Build | House |
| 0:24 | Create | Villager (Male) |
| 0:45 | Create | Villager (Male) |
| 1:45 | Create | Villager (Male) |
| 1:46 | Create | Villager (Male) |
| 2:08 | Create | Villager (Male) |
| 2:08 | Create | Villager (Male) |
| 2:20 | Create | Villager (Male) |
| 2:23 | Build | Lumber Camp |
| 2:25 | Create | Villager (Male) |
| 3:15 | Create | Villager (Male) |
| 3:15 | Create | Villager (Male) |
| 3:53 | Build | House |
| 4:04 | Create | Villager (Male) |
| 4:22 | Build | House |
| 4:26 | Create | Villager (Male) |
| 5:04 | Create | Villager (Male) |
| 5:08 | Create | Villager (Male) |
| 5:09 | Create | Villager (Male) |
| 5:54 | Create | Villager (Male) |
| 5:54 | Create | Villager (Male) |
| 5:55 | Create | Villager (Male) |
| 6:12 | Create | Villager (Male) |
| 6:17 | Create | Villager (Male) |
| 7:14 | Create | Villager (Male) |
| 7:14 | Create | Villager (Male) |
| 7:53 | Build | Mill |
| 7:58 | Create | Villager (Male) |
| 8:00 | Create | Villager (Male) |
| 8:30 | Build | House |
| 8:47 | Create | Villager (Male) |
| 8:47 | Research | Feudal Age |
| 9:05 | Build | House |
| 9:15 | Build | Mining Camp |
| 9:22 | Build | Lumber Camp |
| 9:24 | Create | Villager (Male) |
| 9:26 | Build | Farm |
| 9:29 | Build | Farm |
| 9:35 | Build | Farm |
| 9:36 | Build | Farm |
| 9:50 | Build | Farm |
| 10:20 | Create | Villager (Male) |
| 10:48 | Build | Farm |
| 10:52 | Build | Farm |
| 10:57 | Build | Farm |
| 11:02 | Build | Farm |
| 11:09 | Build | Farm |
| 11:32 | Create | Villager (Male) |
| 11:34 | Build | Farm |
| 11:38 | Age | Feudal Age |
| 11:45 | Build | Market |
| 12:45 | Build | Blacksmith |
| 12:49 | Create | Villager (Male) |
| 13:06 | Build | Farm |
| 13:11 | Build | Farm |
| 13:12 | Build | Farm |
| 13:25 | Research | Castle Age |
| 13:43 | Build | Farm |
| 14:01 | Build | House |
| 14:03 | Build | House |
| 14:08 | Create | Villager (Male) |
| 14:09 | Research | Loom |
| 14:29 | Build | Barracks |
| 14:43 | Research | Double-Bit Axe |
| 14:53 | Research | Horse Collar |
| 15:16 | Build | Farm |
| 15:23 | Create | Spearman |
| 15:23 | Create | Spearman |
| 16:05 | Age | Castle Age |
| 16:17 | Create | Villager (Male) |
| 16:48 | Build | Town Center |
| 16:52 | Create | Villager (Male) |
| 17:20 | Create | Militia |
| 17:44 | Create | Villager (Male) |
| 17:45 | Create | Villager (Male) |
| 17:57 | Build | Barracks |
| 18:25 | Create | Villager (Male) |
| 18:25 | Create | Villager (Male) |
| 18:25 | Create | Villager (Male) |
| 18:26 | Create | Villager (Male) |
| 18:27 | Create | Villager (Male) |
| 18:27 | Create | Villager (Male) |
| 18:49 | Build | Siege Workshop |
| 18:58 | Create | Villager (Male) |
| 18:59 | Create | Villager (Male) |
| 19:11 | Build | Monastery |
| 19:43 | Create | Scorpion |
| 19:43 | Create | Scorpion |
| 19:45 | Create | Villager (Male) |
| 19:50 | Create | Villager (Male) |
| 19:51 | Create | Villager (Male) |
| 19:59 | Create | Monk |
| 20:05 | Create | Villager (Male) |
| 20:12 | Create | Villager (Male) |
| 20:38 | Build | House |
| 20:43 | Create | Villager (Male) |
| 20:46 | Create | Monk |
| 21:02 | Build | Town Center |
| 21:04 | Create | Villager (Male) |
| 21:10 | Build | House |
| 21:11 | Build | House |
| 21:13 | Build | House |
| 21:15 | Build | House |
| 21:21 | Create | Villager (Male) |
| 21:25 | Build | Mining Camp |
| 21:29 | Create | Monk |
| 21:32 | Create | Villager (Male) |
| 21:45 | Build | House |
| 21:46 | Build | House |
| 21:47 | Build | House |
| 21:50 | Create | Villager (Male) |
| 21:53 | Build | Farm |
| 21:53 | Build | Farm |
| 21:54 | Build | Farm |
| 21:54 | Build | Farm |
| 21:54 | Build | Farm |
| 21:56 | Create | Villager (Male) |
| 21:56 | Create | Villager (Male) |
| 21:57 | Create | Villager (Male) |
| 22:36 | Create | Villager (Male) |
| 22:36 | Create | Villager (Male) |
| 22:37 | Create | Scorpion |
| 22:37 | Create | Scorpion |
| 22:42 | Create | Villager (Male) |
| 22:42 | Create | Villager (Male) |
| 22:48 | Build | Farm |
| 22:48 | Build | Farm |
| 22:48 | Build | Farm |
| 22:49 | Build | Farm |
| 22:59 | Create | Villager (Male) |
| 23:01 | Build | Farm |
| 23:17 | Create | Monk |
| 23:18 | Create | Scorpion |
| 23:19 | Create | Scorpion |
| 23:20 | Create | Villager (Male) |
| 23:31 | Create | Villager (Male) |
| 23:31 | Create | Villager (Male) |
| 23:32 | Create | Villager (Male) |
| 23:34 | Research | Wheelbarrow |
| 23:35 | Research | Town Watch |
| 23:54 | Build | House |
| 23:56 | Build | House |
| 23:57 | Build | House |
| 23:58 | Build | House |
| 24:03 | Create | Villager (Male) |
| 24:06 | Research | Scale Barding Armor |
| 24:20 | Build | Outpost |
Build order — PurduePod12
First 150 of 464 actions detected
| 0:01 | Create | Villager (Male) |
| 0:02 | Create | Villager (Male) |
| 0:02 | Create | Villager (Male) |
| 0:02 | Create | Villager (Male) |
| 0:02 | Create | Villager (Male) |
| 0:05 | Build | House |
| 0:09 | Build | House |
| 2:22 | Create | Villager (Male) |
| 2:29 | Create | Villager (Male) |
| 2:29 | Create | Villager (Male) |
| 2:29 | Create | Villager (Male) |
| 2:59 | Create | Villager (Male) |
| 3:00 | Create | Villager (Male) |
| 3:00 | Create | Villager (Male) |
| 4:10 | Build | Lumber Camp |
| 4:15 | Create | Villager (Male) |
| 4:15 | Create | Villager (Male) |
| 4:16 | Create | Villager (Male) |
| 4:23 | Build | House |
| 4:51 | Create | Villager (Male) |
| 5:22 | Create | Villager (Male) |
| 5:22 | Create | Villager (Male) |
| 5:23 | Create | Villager (Male) |
| 5:23 | Create | Villager (Male) |
| 5:23 | Create | Villager (Male) |
| 6:31 | Build | Mining Camp |
| 6:55 | Build | House |
| 7:24 | Create | Villager (Male) |
| 7:24 | Create | Villager (Male) |
| 8:08 | Create | Villager (Male) |
| 8:11 | Create | Villager (Male) |
| 8:24 | Build | House |
| 9:30 | Research | Feudal Age |
| 9:59 | Build | Mill |
| 10:46 | Build | Farm |
| 10:47 | Build | Farm |
| 10:47 | Build | Farm |
| 10:47 | Build | Farm |
| 11:30 | Create | Villager (Male) |
| 11:31 | Create | Villager (Male) |
| 11:31 | Create | Villager (Male) |
| 11:34 | Create | Villager (Male) |
| 11:42 | Build | Farm |
| 11:43 | Build | Farm |
| 11:44 | Build | Farm |
| 11:45 | Build | Farm |
| 11:45 | Build | Farm |
| 12:05 | Build | Market |
| 12:12 | Build | Blacksmith |
| 12:22 | Build | Farm |
| 13:24 | Build | Mining Camp |
| 13:28 | Research | Loom |
| 14:07 | Research | Castle Age |
| 14:13 | Build | Farm |
| 14:22 | Build | Barracks |
| 14:32 | Build | House |
| 14:47 | Research | Double-Bit Axe |
| 15:25 | Build | Stable |
| 15:38 | Build | Stable |
| 16:34 | Research | Bloodlines |
| 16:40 | Build | House |
| 16:44 | Create | Villager (Male) |
| 16:44 | Create | Villager (Male) |
| 16:44 | Create | Villager (Male) |
| 16:51 | Create | Knight |
| 16:51 | Create | Knight |
| 17:17 | Build | Farm |
| 17:18 | Build | Farm |
| 17:18 | Build | Farm |
| 17:27 | Create | Knight |
| 17:50 | Build | Town Center |
| 18:12 | Create | Knight |
| 18:13 | Create | Knight |
| 18:23 | Create | Knight |
| 18:46 | Create | Knight |
| 18:46 | Create | Knight |
| 18:58 | Create | Knight |
| 19:12 | Create | Villager (Male) |
| 19:12 | Create | Villager (Male) |
| 19:12 | Create | Villager (Male) |
| 19:13 | Create | Villager (Male) |
| 19:13 | Create | Villager (Male) |
| 19:46 | Build | House |
| 20:34 | Research | Forging |
| 20:35 | Research | Scale Barding Armor |
| 20:41 | Create | Villager (Male) |
| 20:49 | Create | Villager (Male) |
| 20:49 | Create | Villager (Male) |
| 20:53 | Build | House |
| 21:24 | Create | Villager (Male) |
| 21:24 | Create | Villager (Male) |
| 21:24 | Create | Villager (Male) |
| 22:32 | Create | Knight |
| 22:32 | Create | Knight |
| 22:33 | Create | Knight |
| 22:33 | Create | Knight |
| 22:33 | Create | Knight |
| 23:12 | Build | House |
| 23:15 | Create | Villager (Male) |
| 23:16 | Create | Villager (Male) |
| 23:16 | Create | Villager (Male) |
| 23:16 | Create | Villager (Male) |
| 23:17 | Create | Villager (Male) |
| 23:58 | Build | House |
| 24:02 | Create | Knight |
| 24:03 | Create | Knight |
| 24:03 | Create | Knight |
| 24:03 | Create | Knight |
| 24:03 | Create | Knight |
| 24:29 | Build | Farm |
| 24:34 | Build | Farm |
| 24:34 | Build | Farm |
| 24:34 | Build | Farm |
| 24:35 | Build | Farm |
| 24:35 | Build | Farm |
| 24:35 | Build | Farm |
| 24:35 | Build | Farm |
| 24:36 | Build | Farm |
| 24:44 | Build | University |
| 25:19 | Create | Knight |
| 25:19 | Create | Knight |
| 25:20 | Create | Knight |
| 25:20 | Create | Knight |
| 25:20 | Create | Knight |
| 25:20 | Create | Knight |
| 26:23 | Create | Knight |
| 26:23 | Create | Knight |
| 26:23 | Create | Knight |
| 26:24 | Create | Knight |
| 26:31 | Build | House |
| 26:36 | Research | Wheelbarrow |
| 26:37 | Create | Villager (Male) |
| 26:37 | Create | Villager (Male) |
| 26:37 | Create | Villager (Male) |
| 26:38 | Create | Villager (Male) |
| 27:26 | Create | Knight |
| 27:27 | Create | Knight |
| 27:27 | Create | Knight |
| 27:27 | Create | Knight |
| 27:36 | Build | Mining Camp |
| 27:45 | Create | Villager (Male) |
| 27:45 | Create | Villager (Male) |
| 28:29 | Create | Knight |
| 28:29 | Create | Knight |
| 28:29 | Create | Knight |
| 28:35 | Research | Hand Cart |
| 28:37 | Create | Villager (Male) |
| 28:37 | Create | Villager (Male) |
| 28:37 | Create | Villager (Male) |
| 28:37 | Create | Villager (Male) |
Match timeline
| 9:26 | DimitriRussia · age_up feudal |
| 10:07 | Serving CUNT :) · age_up feudal |
| 10:25 | Serving CUNT :) · first_building Dock |
| 11:38 | Brando22 · age_up feudal |
| 11:38 | Ispakeinglis · age_up feudal |
| 13:13 | PurduePod12 · first_market_sell 100 stone |
| 13:15 | PurduePod12 · first_market_buy 100 food |
| 14:22 | PurduePod12 · first_building Barracks |
| 14:29 | Ispakeinglis · first_building Barracks |
| 15:25 | PurduePod12 · first_building Stable |
| 15:38 | Brando22 · age_up castle |
| 16:05 | Ispakeinglis · age_up castle |
| 16:42 | shwajackson · first_building Castle |
| 16:53 | Brando22 · wall_segment Palisade Wall x1 |
| 17:14 | Brando22 · wall_segment Palisade Wall x1 |
| 17:17 | Brando22 · wall_segment Palisade Wall x1 |
| 17:19 | Brando22 · wall_segment Palisade Wall x1 |
| 17:21 | Brando22 · wall_segment Palisade Wall x1 |
| 18:13 | DimitriRussia · age_up castle |
| 18:24 | Brando22 · first_building Barracks |
| 18:49 | Ispakeinglis · first_building Siege Workshop |
| 19:00 | shwajackson · first_market_buy 100 wood |
| 19:11 | Ispakeinglis · first_building Monastery |
| 19:51 | Brando22 · first_building Archery Range |
| 20:59 | shwajackson · wall_segment Stone Wall x32 |
| 21:51 | DimitriRussia · first_building Barracks |
| 22:00 | shwajackson · wall_segment Stone Wall x1 |
| 22:07 | shwajackson · wall_segment Stone Wall x17 |
| 23:01 | DimitriRussia · first_building Stable |
| 23:01 | shwajackson · first_building Barracks |
| 23:14 | Serving CUNT :) · first_building Barracks |
| 23:42 | DimitriRussia · first_building Castle |
| 24:17 | DimitriRussia · first_market_sell 100 wood |
| 25:01 | shwajackson · first_building Stable |
| 26:07 | Ispakeinglis · first_market_buy 100 food |
| 26:29 | Ispakeinglis · wall_segment Palisade Wall x19 |
| 27:39 | DimitriRussia · first_market_buy 100 wood |
| 28:10 | shwajackson · first_building Siege Workshop |
| 28:48 | Ispakeinglis · first_building Castle |
| 29:25 | Ispakeinglis · age_up imperial |
| 29:49 | Serving CUNT :) · first_market_sell 100 stone |
| 29:50 | Serving CUNT :) · first_market_buy 100 food |
| 30:07 | Brando22 · first_building Monastery |
| 32:02 | PurduePod12 · first_building Castle |
| 32:16 | shwajackson · first_market_sell 100 wood |
| 32:33 | Ispakeinglis · wall_segment Stone Wall x15 |
| 33:57 | Brando22 · age_up imperial |
| 34:00 | Brando22 · first_building Castle |
| 34:16 | Brando22 · first_building Stable |
| 37:02 | Serving CUNT :) · age_up castle |
| 39:48 | Ispakeinglis · wall_segment Palisade Wall x25 |
| 40:20 | PurduePod12 · wall_segment Stone Wall x7 |
| 40:24 | Ispakeinglis · wall_segment Stone Wall x24 |
| 40:47 | PurduePod12 · wall_segment Stone Wall x1 |
| 41:05 | PurduePod12 · wall_segment Stone Wall x1 |
| 41:13 | DimitriRussia · age_up imperial |
| 41:16 | Brando22 · wall_segment Palisade Wall x1 |
| 41:41 | PurduePod12 · wall_segment Stone Wall x6 |
| 42:02 | PurduePod12 · wall_segment Stone Wall x16 |
| 42:23 | shwajackson · first_building Archery Range |
| 43:52 | Ispakeinglis · first_building Stable |
| 45:57 | Serving CUNT :) · first_building Castle |
| 46:45 | PurduePod12 · wall_segment Stone Wall x1 |
| 48:39 | Brando22 · tribute_sent a jugador 1 |
| 48:39 | Brando22 · tribute_sent a jugador 3 |
| 48:39 | Brando22 · tribute_sent a jugador 4 |
| 48:39 | Brando22 · tribute_sent a jugador 5 |
| 48:39 | Brando22 · tribute_sent a jugador 6 |
| 48:59 | Serving CUNT :) · first_building Monastery |
| 51:49 | Ispakeinglis · tribute_sent a jugador 1 |
| 51:49 | Ispakeinglis · tribute_sent a jugador 2 |
| 51:49 | Ispakeinglis · tribute_sent a jugador 3 |
| 51:49 | Ispakeinglis · tribute_sent a jugador 4 |
| 51:49 | Ispakeinglis · tribute_sent a jugador 6 |
| 52:01 | Ispakeinglis · wall_segment Palisade Wall x30 |
| 52:02 | Ispakeinglis · wall_segment Palisade Wall x32 |
| 52:31 | Serving CUNT :) · age_up imperial |
| 54:06 | Ispakeinglis · wall_segment Palisade Wall x20 |
| 54:07 | Ispakeinglis · wall_segment Palisade Wall x18 |
| 54:08 | Ispakeinglis · wall_segment Palisade Wall x20 |
| 54:30 | Ispakeinglis · first_market_sell 100 food |
| 54:45 | Ispakeinglis · wall_segment Palisade Wall x25 |
| 54:45 | Ispakeinglis · wall_segment Palisade Wall x20 |
| 56:06 | Ispakeinglis · wall_segment Stone Wall x11 |
| 56:07 | Ispakeinglis · wall_segment Stone Wall x8 |
| 56:21 | Ispakeinglis · wall_segment Palisade Wall x26 |
| 56:35 | Ispakeinglis · wall_segment Palisade Wall x20 |
| 56:36 | Ispakeinglis · wall_segment Palisade Wall x18 |
| 56:37 | Ispakeinglis · wall_segment Palisade Wall x19 |
| 56:38 | Ispakeinglis · wall_segment Palisade Wall x18 |
| 57:25 | Brando22 · first_market_sell 500 wood |
| 57:49 | Ispakeinglis · wall_segment Palisade Wall x13 |
| 58:56 | Ispakeinglis · wall_segment Palisade Wall x15 |
| 60:17 | Ispakeinglis · wall_segment Palisade Wall x30 |
| 60:18 | Ispakeinglis · wall_segment Palisade Wall x33 |
| 61:56 | Brando22 · resign |
[ AI ANALYSIS · 1 CREDIT ]
What really happened in this match?
Wolo.gg analyzes every decision: build order, eco, micro, common mistakes by bracket. Personalized analysis on WhatsApp or Discord in 30 seconds.
Civ guide
Persians
Perfil
Jugador #8551672